 Seeded DCSS version 0.28-a0-863-g8cecda6153 (webtiles) character file.

Game seed: 20211016 (custom seed)

81 a11behringer the Chopper (level 4, -9/36 HPs)
             Began as a Hill Orc Fighter on Nov 16, 2021.
             Was a Follower of Hepliaklqana.
             Mangled by Crazy Yiuf (12 damage)
             ... on level 2 of the Dungeon.
             The game lasted 00:08:20 (1898 turns).

a11behringer the Chopper (Hill Orc Fighter)         Turns: 1898, Time: 00:08:23

Health: -9/36      AC:  8    Str: 19    XL:     4   Next: 40%
Magic:  4/4        EV:  9    Int:  8    God:    Hepliaklqana [*.....]
Gold:   52         SH:  4    Dex: 10    Spells: 3/3 levels left

rFire   . . .      SeeInvis .   a - +0 war axe
rCold   . . .      Faith    .   c - +0 buckler
rNeg    . . .      Spirit   .   b - +0 scale mail
rPois   .          Reflect  .   o - +0 helmet
rElec   .          Harm     .   (no cloak)
rCorr   .          Rampage  .   (no gloves)
Will    .....                   (no boots)
Stlth   ..........              (no amulet)
HPRegen 0.12/turn               (no ring)
MPRegen 0.09/turn               (no ring)

@: lethally poisoned (-9 -> -28)
A: reduced essence
a: Renounce Religion, Recall Ancestor, Ancestor Identity


You were on level 2 of the Dungeon.
You worshipped Hepliaklqana.
Hepliaklqana was aware of your devotion.
You visited 1 branch of the dungeon, and saw 2 of its levels.

You collected 52 gold pieces.

Inventory:

Hand Weapons
 a - a +0 war axe (weapon)
Missiles
 e - 30 arrows
 i - 10 poisoned darts (quivered)
Armour
 b - a +0 scale mail (worn)
 c - a +0 buckler (worn)
 o - a +0 helmet (worn)
Magical Staves
 f - a staff of fire
Potions
 d - a potion of might
 g - a potion of cancellation {unknown}
 h - a potion of berserk rage {unknown}
 k - a potion of haste
 l - a potion of ambrosia


   Skills:
 + Level 4.1 Fighting
 * Level 4.4 Axes
 + Level 3.9 Armour
 + Level 3.7 Shields


You had 3 spell levels left.
You didn't know any spells.
Your spell library contained the following spells:

 Spells                   Type           Power      Damage    Failure   Level
 Animate Skeleton         Necr           0%         N/A       78%         1
 Apportation              Tloc           0%         N/A       78%         1
 Summon Small Mammal      Summ           0%         N/A       78%         1


Dungeon Overview and Level Annotations

Branches:
Dungeon (2/15)

Altars:
Hepliaklqana

Annotations:
D:2 Crazy Yiuf


Message History

You swap places.
You now have 47 gold pieces (gained 8).
You swap places.
Found 5 gold pieces.
Found a dagger.
Found a stone staircase leading down.
h - a smoky sapphire potion You now have 52 gold pieces (gained 5).
You swap places.
You swap places.
You swap places.
Items here: ))))) [ ÷÷÷÷.
A giant cockroach comes into view.
A giant cockroach is nearby!
You closely miss the giant cockroach. The giant cockroach closely misses you.
You slash the giant cockroach!
You kill the giant cockroach!
You see here a giant cockroach corpse.
You see here a +0 dagger of draining.
Items here: ))))) [.
You swap places.
You see here a +0 dagger of draining.
Found a mace.
Found a runed translucent door.
Crazy Yiuf says, "Buddy sing-song water!"
You open the door. You closely miss Crazy Yiuf.
Crazy Yiuf hits you with a +2 quarterstaff of chaos!
You are poisoned.
Crazy Yiuf grits, "East ena blue!"
You block Crazy Yiuf's attack.
You barely miss Crazy Yiuf.
You feel very sick.
Crazy Yiuf hits you with a +2 quarterstaff of chaos.
You are lethally poisoned!
You slash Crazy Yiuf!
Crazy Yiuf is heavily wounded.
You feel extremely sick.
Crazy Yiuf hits you with a +2 quarterstaff of chaos!
* * * LOW HITPOINT WARNING * * *
You are electrocuted!
You die...

#.# #.# #..
#.# #.# #.#
#.# #.# #.#
#.# ##### #.#
#.# #######.#
#)..# #.# #..
#.......#
#...# #.####
#†# #.#######
... #....#
##.# #.# #g#
####.## #..#
#.# ♣@♣♣
#.....# #...
#.# ♣♣R♣
####..# #..#
#.# ♣.♣♣
####..# #..#
#.# ♣♣.♣
#.....###..#
#.# ♣♣.♣♣
#####.÷.....
#.#########
♣♣...♣
#..........#
#..)...##.#
♣....♣
#.#######..#
######.##.#
#....# #.#
#.... #.##.#
#....###.####
#...#


You could see the friendly Tertia the ancestor and Crazy Yiuf (ally target).

Vanquished Creatures
  2 adders (D:2)
  A worm (D:2)
  2 ball pythons (D:2)
  4 bats
  An endoplasm (D:1)
  3 giant cockroaches (D:2)
  6 goblins
  6 hobgoblins
  A jackal (D:2)
  2 kobolds
  3 frilled lizards (D:1)
  3 rats
34 creatures vanquished.

Vanquished Creatures (collateral kills)
  Robin (D:2)
  An endoplasm (D:2)
  3 goblins (D:2)
  A jackal (D:2)
  2 kobolds (D:2)
  2 bats (D:2)
  A frilled lizard (D:2)
11 creatures vanquished.

Vanquished Creatures (others)
  An ancestor (D:2)
1 creature vanquished.

Grand Total: 46 creatures vanquished

Notes
Turn   | Place    | Note
-------+----------+-------------------------------------------
     0 | D:1      | a11behringer the Hill Orc Fighter began the quest for the
                  | Orb.
     0 | D:1      | Reached XP level 1. HP: 19/19 MP: 1/1
   441 | D:1      | Reached XP level 2. HP: 22/27 MP: 2/2
   616 | D:1      | Found a faded altar of an unknown god.
   628 | D:1      | Prayed at the altar of an unknown god.
   628 | D:1      | Became a worshipper of Hepliaklqana the Forgotten
   628 | D:1      | Reached * piety under Hepliaklqana
   771 | D:2      | Reached XP level 3. HP: 23/29 MP: 3/3
  1323 | D:2      | Noticed Robin
  1353 | D:2      | Killed Robin
  1354 | D:2      | Reached XP level 4. HP: 26/36 MP: 4/4
  1891 | D:2      | Found a runed translucent door.
  1892 | D:2      | Noticed Crazy Yiuf
  1898 | D:2      | Mangled by Crazy Yiuf

Illustrated notes

Levels and vault maps discovered:
D:1:      co_arrival_random_square_maze, layout_basic,
          ebering_ecumenical_altar_petrified
D:2:      layout_loops_ring, uniq_crazy_yiuf_cottage, uniq_robin

Skill      XL: |  1  2  3 |
---------------+----------+-----
Axes           | 3 4 |  4.4
Fighting       | 4 |  4.1
Armour         | |  3.9
Shields        | |  3.7

Action                   |  1- 3 |  4- 6 || total
-------------------------+-------+-------++-------
Melee: War axe           |    92 |    41 ||   133
Invok: Recall Ancestor   |     2 |       ||     2
       Ancestor Identity |     1 |     1 ||     2
  Use: Scroll            |       |     6 ||     6
Armor: Scale mail        |    50 |    17 ||    67
Dodge: Dodged            |    44 |    21 ||    65
Block: Buckler           |    22 |    10 ||    32

Table legend: (Time is in decaauts)
 A = Elapsed time spent in this place.
 B = Non-inter-level travel time spent in this place.
 C = Inter-level travel time spent in this place.
 D = Time resting spent in this place.
 E = Time spent auto-exploring this place.
 F = Levels seen in this place.
 G = Mean time per level.
                   A        B        C        D        E       F      G
               +--------+--------+--------+--------+--------+-----+--------+
         Total |   1940 |   1739 |    201 |      0 |   1381 |   2 |  970.0 |
       Dungeon |   1940 |   1739 |    201 |      0 |   1381 |   2 |  970.0 |
               +--------+--------+--------+--------+--------+-----+--------+

Top non-repeatable levels by time:
     D:2: 1164 daAuts
     D:1: 776 daAuts
